 Dungeon Crawl Stone Soup version 0.22.1-5-g62c59d9 (webtiles) character file.

389 dvd the Chopper (level 6, -5/32 HPs)
             Began as a Vine Stalker Fighter on Jan 9, 2019.
             Slain by a centaur (7 damage)
             ... on level 4 of the Dungeon.
             The game lasted 00:06:48 (2705 turns).

dvd the Chopper (Vine Stalker Fighter)              Turns: 2705, Time: 00:06:48

Health: -5/32      AC:  6    Str: 20    XL:     6   Next: 79%
Magic:  0/7        EV:  9    Int:  8    God:
Gold:   164        SH:  9    Dex: 14    Spells: 5/5 levels left

rFire    + . .     SeeInvis .   a - +0 war axe
rCold    . . .     Gourm    .   c - +0 shield
rNeg     . . .     Faith    .   w - +0 ring mail {rF+}
rPois    .         Spirit   +   (no helmet)
rElec    .         Reflect  .   h - +0 cloak (curse)
rCorr    .         Harm     .   (no gloves)
MR       ++...                  (no boots)
Stlth    +.........             (no amulet)
HPRegen  0.50/turn              v - ring of protection from magic
MPRegen  0.10/turn              z - ring of protection from magic

@: no status effects
A: fangs 2, regeneration 1, magic shield, antimagic bite, no potion heal 3, rot
immunity
a: no special abilities


You were on level 4 of the Dungeon.
You were not hungry.

You visited 1 branch of the dungeon, and saw 4 of its levels.

You collected 164 gold pieces.

Inventory:

Hand Weapons
 a - a +0 war axe (weapon)
 t - a +0 whip of electrocution
 A - a +0 dagger of venom
Armour
 b - a +0 scale mail
 c - a +0 shield (worn)
 g - a +3 leather armour
 h - a cursed +0 cloak (worn)
 w - a +0 ring mail of fire resistance (worn)
Jewellery
 v - a ring of protection from magic (left hand)
 z - a ring of protection from magic (right hand)
Wands
 u - a wand of polymorph (15)
Scrolls
 e - 3 scrolls of identify {unknown}
 k - 2 scrolls of fear {unknown}
 l - a scroll of enchant armour {unknown}
 n - a scroll of fog {unknown}
 o - a scroll of remove curse {unknown}
 p - a scroll of teleportation {unknown}
 y - a scroll of enchant weapon {unknown}
Potions
 d - a potion of might
 i - a potion of curing
 j - a potion of mutation {unknown}
 m - a potion of invisibility {unknown}
 r - a potion of brilliance {unknown}
 s - a potion of experience {unknown}
 x - a potion of heal wounds {unknown}
Comestibles
 f - 7 rations
 q - 4 chunks of flesh


   Skills:
 + Level 3.5 Fighting
 + Level 4.0(4.1) Axes
 + Level 1.2(2.8) Maces & Flails
 + Level 3.2 Armour
 + Level 1.3 Dodging
 + Level 1.0 Stealth
 + Level 3.6 Shields


You had 5 spell levels left.
You didn't know any spells.
Your spell library was empty.

Dungeon Overview and Level Annotations

Branches:
Dungeon (4/15)
 Temple: D:4-7

Altars:
Ashenzari
Yredelemnul

Annotations:
D:3 1 runed door


Innate Abilities, Weirdness & Mutations

You have extremely sharp teeth.
Your natural rate of healing is unusually fast.
When hurt, damage is shared between your health and your magic reserves.
Your bite disrupts and absorbs the magic of your enemies.
Potions cannot restore your health.
You are immune to rotting.


Message History

Unknown command.
You slash the orc!
You kill the orc!
You barely miss the centaur. The centaur barely misses you.
The centaur hits you.
* * * LOW HITPOINT WARNING * * *
The orc hits you but does no damage.
Unknown command.
Okay, then.
Unknown command.
You see here a flail.
The orc hits you with a club.
* * * LOW HITPOINT WARNING * * *
The centaur closely misses you.
You see here 2 arrows.
Unknown command.
The orc hits you but does no damage.
You see here a flail.
The centaur hits you!
You die...

...## .....##
.......###
o........#### #
............####.#
..........@.......
.........oc)......
........()<....(..
..................
#.......#.........
#.$...####........
###### ##.......
...$..# #....##


You could see a centaur and an orc.

Vanquished Creatures
  Sigmund (D:2)
  2 human zombies (D:3)
  An orc priest (D:4)
  3 gnolls (D:2)
  2 adders (D:2)
  2 worms (D:2)
  2 dart slugs (D:2)
  2 leopard geckos
  6 orcs
  3 bats
  2 giant cockroaches (D:1)
  8 goblins
  10 hobgoblins
  9 jackals (D:2)
  7 kobolds
  3 quokkas
  A frilled lizard (D:1)
  5 rats
69 creatures vanquished.

Notes
Turn   | Place    | Note
-------+----------+-------------------------------------------
     0 | D:1      | dvd the Vine Stalker Fighter began the quest for the Orb.
     0 | D:1      | Reached XP level 1. HP: 11/11 MP: 2/2
   267 | D:1      | Reached XP level 2. HP: 16/16 MP: 3/3
   947 | D:2      | Reached skill level 2 in Axes
   947 | D:2      | Reached XP level 3. HP: 10/20 MP: 4/4
  1637 | D:2      | Found a shattered altar of Ashenzari.
  1680 | D:2      | Gained mutation: Your natural rate of healing is unusually
                  | fast. [Vine Stalker growth]
  1680 | D:2      | Reached XP level 4. HP: 14/24 MP: 5/5
  1961 | D:2      | Reached skill level 3 in Axes
  2067 | D:2      | Noticed Sigmund
  2080 | D:2      | Killed Sigmund
  2080 | D:2      | Reached skill level 1 in Dodging
  2080 | D:2      | Reached XP level 5. HP: 28/28 MP: 6/6
  2080 | D:2      | Reached XP level 6. HP: 32/32 MP: 7/7
  2470 | D:3      | Noticed a human
  2471 | D:3      | Found a runed door.
  2481 | D:3      | Reached skill level 1 in Maces & Flails
  2498 | D:3      | Reached skill level 4 in Axes
  2498 | D:3      | Reached skill level 1 in Stealth
  2501 | D:3      | Found a basalt altar of Yredelemnul.
  2701 | D:4      | HP: 1/32 [centaur (4)]
  2705 | D:4      | Slain by a centaur

Skill      XL: |  1  2  3  4  5  6 |
---------------+-------------------+-----
Fighting       | 3 |  3.5
Axes           | 2 3 4 |  4.0
Shields        | 3 |  3.6
Armour         | 3 |  3.2
Dodging        | 1 |  1.3
Maces & Flails | 1 |  1.2
Stealth        | 1 |  1.0

Action                   |  1- 3 |  4- 6 || total
-------------------------+-------+-------++-------
Melee: War axe           |   107 |    34 ||   141
       Bite              |    28 |    24 ||    52
       Whip              |       |    47 ||    47
  Use: Potion            |     1 |       ||     1
 Stab: Sleeping          |       |     1 ||     1
  Eat: Chunk             |     3 |     3 ||     6
Armor: Leather armour    |    51 |     8 ||    59
       Ring mail         |       |    13 ||    13
Dodge: Dodged            |    35 |    24 ||    59
Block: Shield            |    59 |    41 ||   100
